 Dungeon Crawl Stone Soup version 0.28.0-53-g5a82cb258f (webtiles) character file.

Game seed: 16829452358302817013

14350 Sin92 the Carver (level 11, 0/87 HPs)
             Began as a Demonspawn Fighter on June 12, 2022.
             Was a High Priest of Okawaru.
             Slain by a shadow (8 damage)
             ... on level 12 of the Dungeon.
             The game lasted 00:25:15 (12110 turns).

Sin92 the Carver (Demonspawn Fighter)              Turns: 12110, Time: 00:25:16

Health: 0/87       AC: 30    Str: 18    XL:     11   Next: 87%
Magic:  12/12      EV:  9    Int:  8    God:    Okawaru [*****.]
Gold:   732        SH: 17    Dex: 23    Spells: 10/10 levels left

rFire   . . .      SeeInvis +   F - +3 long sword (freeze)
rCold   . . .      Faith    .   H - +0 kite shield of Optimism {Fly Will++ Dex+4 Slay-3}
rNeg    . . .      Spirit   .   n - +8 shadow dragon scales "Wotiek" {+Blink Int-2 Dex+4 Stlth++++}
rPois   .          Reflect  +   (helmet restricted)
rElec   .          Harm     .   d - +0 cloak
rCorr   .          Rampage  .   o - +2 pair of gloves
Will    +++..                   v - +0 pair of boots
Stlth   +++++.....              G - amulet of reflection
HPRegen 0.24/turn               h - ring of willpower
MPRegen 0.26/turn               A - ring of see invisible

@: flying
A: horns 1, yellow scales 2, magic regeneration, demonic magic 2
a: Renounce Religion, Evoke Blink, Heroism, Finesse, Duel


You were on level 12 of the Dungeon.
You worshipped Okawaru.
Okawaru was extremely pleased with you.
You visited 2 branches of the dungeon, and saw 13 of its levels.
You also visited: Ossuary.

You collected 1092 gold pieces.
You spent 360 gold pieces at shops.

Inventory:

Hand Weapons
 F - a +3 long sword of freezing (weapon)
Missiles
 e - 2 throwing nets (quivered)
Armour
 c - a +0 buckler
 d - a +0 cloak (worn)
 n - the +8 shadow dragon scales "Wotiek" (worn) {+Blink Int-2 Dex+4 Stlth++++}
   (You acquired it on level 5 of the Dungeon)

   Int:       It affects your intelligence (-2).
   Dex:       It affects your dexterity (+4).
   +Blink:    It lets you blink.
   Stlth:     It makes you much more stealthy.
 o - a +2 pair of gloves (worn)
 v - a +0 pair of boots (worn)
 H - the +0 kite shield of Optimism (worn) {Fly Will++ Dex+4 Slay-3}
   (Okawaru gifted it to you on level 10 of the Dungeon)

   Dex:       It affects your dexterity (+4).
   Slay:      It affects your accuracy & damage with ranged weapons and melee
   (-3).
   Fly:       It grants you flight.
   Will:      It greatly increases your willpower.
Jewellery
 f - a ring of positive energy
 h - a ring of willpower (left hand)
 m - an amulet of regeneration
 w - a ring of positive energy
 x - the ring "Uliegur" {Fire rN+ MP+9 Dex-4}
   (You found it on level 6 of the Dungeon)

   [ring of fire]

   It enhances your fire magic.
   Dex:       It affects your dexterity (-4).
   rF:        It protects you from fire.
   rC:        It makes you vulnerable to cold.
   rN:        It protects you from negative energy.
   MP:        It affects your magic capacity (+9).
 z - a ring of magical power
 A - a ring of see invisible (right hand)
 G - an amulet of reflection (around neck)
Wands
 p - a wand of mindburst (11)
 q - a wand of iceblast (19)
 t - a wand of flame (42)
Scrolls
 g - 3 scrolls of identify
 y - 3 scrolls of blinking
 B - 2 scrolls of fog
 E - 3 scrolls of teleportation
Potions
 a - a potion of lignification
 b - 2 potions of heal wounds
 i - a potion of invisibility
 j - a potion of ambrosia
 k - a potion of haste
 l - 3 potions of brilliance
 r - 2 potions of attraction
 s - a potion of flight
 u - a potion of might
 C - a potion of curing
 D - a potion of berserk rage
 I - a potion of mutation


   Skills:
 + Level 8.7 Fighting
 * Level 9.2 Long Blades
 + Level 8.0 Armour
 - Level 5.3 Dodging
 + Level 6.5 Stealth
 + Level 8.0 Shields
 + Level 1.6 Invocations


You had 10 spell levels left.
You didn't know any spells.
Your spell library contained the following spells:

 Spells                   Type           Power      Damage    Failure   Level
 Magic Dart               Conj           0%         1d3       100%        1
 Sandblast                Erth           0%         2d4       100%        1
 Passwall                 Tmut/Erth      0%         N/A       100%        2
 Mephitic Cloud           Conj/Pois/Air  0%         N/A       100%        3
 Stone Arrow              Conj/Erth      0%         3d7       100%        3
 Petrify                  Tmut/Erth      0%         N/A       100%        4
 Blade Hands              Tmut           0%         N/A       100%        5
 Metabolic Englaciation   Hex/Ice        0%         N/A       100%        5
 Iron Shot                Conj/Erth      0%         9d1       100%        6
 Statue Form              Tmut/Erth      0%         N/A       100%        6
 Call Imp                 Summ           Unusable   N/A       N/A         2
 Animate Armour           Summ/Erth      Unusable   N/A       N/A         4

Dungeon Overview and Level Annotations

Branches:
Dungeon (12/15)            Temple (1/1) D:6            Lair (0/6) D:10
    Orc (0/2) D:11        Ossuary (visited)

Altars:
Ashenzari
Cheibriados
Dithmenos
Elyvilon
Fedhas
Gozag
Hepliaklqana
Kikubaaqudgha
Makhleb
Nemelex Xobeh
Okawaru
Qazlal
Ru
Sif Muna
Trog
Uskayaw
Vehumet
Wu Jian
Xom
Yredelemnul
Zin
The Shining One

Shops:
D:2 =   D:3 *   D:5 [   D:10 =?

Portals:
Gauntlet: D:12

Annotations:
D:3 exclusion: statue
D:12 Frances


Innate Abilities, Weirdness & Mutations

You have a pair of small horns on your head.
You are mostly covered in yellow scales. (AC +3)
You regenerate magic rapidly.
Spells you cast may paralyse nearby enemies.


Message History

You block the gnoll sergeant's attack. You block the yak's attack.
You slash the yak! You freeze the yak.
The yak is severely wounded.
You block the gnoll sergeant's attack. You block the yak's attack.
You barely miss the yak. You headbutt the yak.
The yak is severely wounded.
The gnoll sergeant barely misses you. You block the yak's attack.
The gnoll sergeant hits you from afar with a +0 trident!
* * * LOW HITPOINT WARNING * * *
You barely miss the yak. Your headbutt misses the yak.
The yak is severely wounded.
The yak gores you but does no damage. The gnoll sergeant barely misses you.
You hit the yak but do no damage.
The yak is severely wounded.
You block the yak's attack. You block the gnoll sergeant's attack.
The yak gores you but does no damage.
You hit the yak. You freeze the yak. Your headbutt misses the yak.
The yak is almost dead.
The gnoll sergeant hits you but does no damage.
The yak gores you.
* * * LOW HITPOINT WARNING * * *
You completely miss the yak.
The yak is almost dead.
You block the gnoll sergeant's attack. The yak gores you but does no damage.
You hit the yak. You freeze the yak. You headbutt the yak.
The yak is almost dead.
The gnoll sergeant hits you from afar with a +0 trident.
* * * LOW HITPOINT WARNING * * *
The yak barely misses you.
You closely miss the yak. You headbutt the yak.
You kill the yak!
Okawaru accepts your kill. You block the gnoll sergeant's attack.
You block the shadow's attack.
You hit the shadow but do no damage.
You headbutt the shadow, but do no damage.
You block the gnoll sergeant's attack. The shadow hits you.
* * * LOW HITPOINT WARNING * * *
You barely miss the shadow. You block the gnoll sergeant's attack.
The shadow hits you!
You die...

### #.# ####### #.# #.....# #.#
#@#**,*
######.#######W###.##********
###........YY.)Ygg.g....,,,,..#
.........#.#####..........#*#.#
#######..#.# #####.##...###.#
,...* #Y.#.##** *,#*.......#
**#.#*#YD#....# *,**#...,..#
#..##..#..#.## *** #..###.#
#...†........#* #......###


You could see a yak, a gnoll sergeant, a shadow and a gnoll.

Vanquished Creatures
  Erolcha (D:9)
  3 two-headed ogres
  A tengu warrior (D:11)
  Pikel (D:4)
  A cyclops (D:11)
  Joseph (D:7)
  Maurice (D:11)
  A troll (D:9)
  Grinder (D:4)
  A hornet (D:9)
  A meliai zombie (D:11)
  2 shadows
  2 wyverns
  A vampire (D:9)
  A wraith (D:11)
  16 yaks
  Grum (D:9)
  2 wargs (D:9)
  4 vampire mosquitoes (D:12)
  Menkaure (D:4)
  6 orc warriors
  A water moccasin (D:8)
  2 ice beasts
  An ogre (D:4)
  2 wolves (D:9)
  7 centaurs
  2 necrophages
  The ghost of Brotato the Insei, an amateur TeTm (D:6)
  A kobold brigand (D:8)
  A bullfrog (D:7)
  2 gnoll sergeants (D:8)
  A scorpion (D:4)
  A water moccasin skeleton (D:3)
  6 killer bees (D:10)
  8 wights
  7 howler monkeys
  Crazy Yiuf (D:3)
  5 orc priests
  4 centaur zombies
  3 gnoll shamans
  A jelly (D:5)
  A bullfrog skeleton (D:7)
  A centaur skeleton (D:5)
  10 orc wizards
  Terence (D:2)
  2 bullfrog simulacra (D:6)
  A hound zombie (D:5)
  2 mummies (Ossuary)
  A killer bee simulacrum (D:6)
  A howler monkey zombie (D:10)
  28 gnolls
  3 adders
  A shadow imp (D:7)
  4 white imps (D:6)
  An ufetubus (D:4)
  A worm (D:3)
  4 dart slugs
  54 orcs
  2 bats
  6 endoplasms
  4 giant cockroaches
  2 gnoll zombies (Ossuary)
  8 goblins
  9 hobgoblins
  4 quokkas
  3 ball pythons
  2 frilled lizards
  4 goblin zombies
  4 hobgoblin zombies (Ossuary)
  10 kobolds
  4 orc zombies (Ossuary)
  6 rats
  A rat zombie (D:5)
291 creatures vanquished.

Notes
Turn   | Place    | Note
-------+----------+-------------------------------------------
     0 | D:1      | Sin92 the Demonspawn Fighter began the quest for the Orb.
     0 | D:1      | Reached XP level 1. HP: 18/18 MP: 1/1
   271 | D:1      | Gained mutation: You regenerate magic rapidly. [demonic
                  | ancestry]
   271 | D:1      | Reached XP level 2. HP: 22/24 MP: 2/2
   313 | D:1      | Reached skill level 2 in Long Blades
   667 | D:1      | Found a faded altar of an unknown god.
   833 | D:1      | Gained mutation: You are partially covered in yellow
                  | scales. (AC +2) [demonic ancestry]
   833 | D:1      | Reached XP level 3. HP: 25/29 MP: 3/3
  1146 | D:2      | Reached skill level 1 in Dodging
  1252 | D:2      | Noticed Terence
  1285 | D:2      | Killed Terence
  1631 | D:2      | Found Ahesext's Jewellery Shop.
  1911 | D:2      | Reached XP level 4. HP: 35/35 MP: 4/4
  2428 | D:3      | Found a runed translucent door.
  2429 | D:3      | Noticed Crazy Yiuf
  2492 | D:3      | Found a radiant altar of Vehumet.
  2494 | D:3      | Noticed a charred statue
  2800 | D:3      | Found Fus Cal's Assorted Antiques.
  2814 | D:3      | Gained mutation: Spells you cast may paralyse adjacent
                  | enemies. [demonic ancestry]
  2814 | D:3      | Reached XP level 5. HP: 41/41 MP: 5/5
  2967 | D:3      | Killed Crazy Yiuf
  3036 | D:4      | Noticed Pikel
  3036 | D:4      | Noticed a lemure
  3036 | D:4      | Noticed a lemure
  3036 | D:4      | Noticed a lemure
  3036 | D:4      | Noticed a lemure
  3051 | D:4      | Killed Pikel
  3052 | D:4      | Reached skill level 3 in Long Blades
  3052 | D:4      | Reached XP level 6. HP: 22/49 MP: 6/6
  3052 | D:4      | Reached XP level 7. HP: 24/55 MP: 7/7
  3716 | D:4      | Reached skill level 4 in Long Blades
  3837 | D:4      | Found a basalt altar of Yredelemnul.
  3837 | D:4      | Noticed Grinder
  3884 | D:4      | Killed Grinder
  3885 | D:4      | Reached skill level 5 in Fighting
  3885 | D:4      | Reached XP level 8. HP: 35/62 MP: 8/8
  4165 | D:4      | Found an opulent altar of Gozag.
  4383 | D:4      | Noticed Menkaure
  4398 | D:4      | Killed Menkaure
  4524 | D:5      | Entered Level 5 of the Dungeon
  4525 | D:5      | Identified a scroll of acquirement
  4525 | D:5      | Acquired the +8 shadow dragon scales "Wotiek" {+Blink Int-2
                  | Dex+4 Stlth++++}
  4543 | D:5      | Found Tuiwumme's Armour Boutique.
  4771 | D:5      | Found a shimmering altar of Xom.
  4823 | D:5      | Reached skill level 5 in Shields
  4843 | D:5      | Reached skill level 5 in Armour
  4894 | D:5      | Found a sand-covered staircase.
  4918 | Ossuary  | Entered an ossuary
  5676 | D:6      | Found a hide-covered altar of Uskayaw.
  5676 | D:6      | Found a sparkling altar of Nemelex Xobeh.
  5725 | D:6      | Found a staircase to the Ecumenical Temple.
  5760 | D:6      | Reached skill level 1 in Stealth
  5766 | Temple   | Entered the Ecumenical Temple
  5827 | Temple   | Became a worshipper of Warmaster Okawaru
  6086 | D:6      | Noticed Brotato's ghost (amateur TeTm)
  6096 | D:6      | Found a runed translucent gate.
  6096 | D:6      | Found a runed translucent gate.
  6096 | D:6      | Found a runed translucent gate.
  6442 | D:6      | Found a shimmering blue altar of Sif Muna.
  6442 | D:6      | Found an ornate altar of the Wu Jian Council.
  6516 | D:6      | Killed Brotato's ghost
  6609 | D:6      | Got the ring "Uliegur" {Fire rN+ MP+9 Dex-4}
  6686 | D:7      | Noticed Joseph
  6707 | D:7      | Killed Joseph
  6707 | D:7      | Reached * piety under Okawaru
  6708 | D:7      | Reached skill level 5 in Long Blades
  6708 | D:7      | Gained mutation: You have a pair of small horns on your
                  | head. [demonic ancestry]
  6708 | D:7      | Reached XP level 9. HP: 46/69 MP: 9/9
  7730 | D:8      | Noticed a two-headed ogre
  7745 | D:8      | Killed a two-headed ogre
  7745 | D:8      | Reached ** piety under Okawaru
  7746 | D:8      | Reached skill level 5 in Dodging
  8220 | D:8      | Reached skill level 6 in Long Blades
  8220 | D:8      | Gained mutation: You are mostly covered in yellow scales.
                  | (AC +3) [demonic ancestry]
  8220 | D:8      | Reached XP level 10. HP: 77/77 MP: 10/10
  8367 | D:8      | Found a blossoming altar of Fedhas.
  8652 | D:9      | Reached *** piety under Okawaru
  8674 | D:9      | Found a bloodstained altar of Trog.
  8697 | D:9      | Noticed Erolcha
  8725 | D:9      | Killed Erolcha
  8725 | D:9      | Reached **** piety under Okawaru
  8923 | D:9      | Found a burning altar of Makhleb.
  8943 | D:9      | Noticed Grum
  8957 | D:9      | Reached skill level 7 in Long Blades
  8962 | D:9      | Killed Grum
  9200 | D:10     | Entered Level 10 of the Dungeon
  9201 | D:10     | Found a staircase to the Lair.
  9271 | D:10     | Found Nualamuo's Jewellery Shop.
  9278 | D:10     | Bought an amulet of reflection for 360 gold pieces
  9313 | D:10     | Reached skill level 5 in Stealth
  9370 | D:10     | Reached ***** piety under Okawaru
  9716 | D:10     | Gained mutation: Spells you cast may paralyse nearby
                  | enemies. [demonic ancestry]
  9716 | D:10     | Reached XP level 11. HP: 86/86 MP: 11/11
 10087 | D:10     | Found Xasosaf's Magic Scroll Boutique.
 10128 | D:10     | Reached skill level 8 in Long Blades
 10138 | D:10     | Identified the +0 kite shield of Optimism {Fly Will++ Dex+4
                  | Slay-3} (Okawaru gifted it to you on level 10 of the
                  | Dungeon)
 10138 | D:10     | Received a gift from Okawaru
 10283 | D:10     | Found a stormy altar of Qazlal.
 10568 | D:11     | Noticed a two-headed ogre
 10578 | D:11     | Killed a two-headed ogre
 10680 | D:11     | Noticed a two-headed ogre
 10689 | D:11     | Killed a two-headed ogre
 10860 | D:11     | Noticed Maurice
 10883 | D:11     | Killed Maurice
 11170 | D:11     | Found a staircase to the Orcish Mines.
 11441 | D:11     | Noticed a tengu warrior
 11469 | D:11     | Killed a tengu warrior
 11470 | D:11     | Reached skill level 9 in Long Blades
 11882 | D:12     | Noticed Frances
 11891 | D:12     | Noticed a soul eater
 12003 | D:12     | Found a gate leading to a gauntlet.
 12039 | D:12     | Reached skill level 1 in Invocations
 12075 | D:12     | HP: 4/87 [gnoll/+0 whip (6)]
 12110 | D:12     | Slain by a shadow

Illustrated notes

Levels and vault maps discovered:
D:1:      saegor_arrival_simple_e, layout_basic,
          dreamdust_ecumenical_altar_angels_and_demons, serial_bayou_pond_d,
          minmay_misc_feat_secret_circle
D:2:      layout_loops_ring, serial_shops, shop, uniq_terence
D:3:      layout_basic, vehumet_statue, serial_shops, shop,
          uniq_crazy_yiuf_cottage
D:4:      layout_cave_pods, yredelemnul_altar_generic, amcnicky_altar_gilded,
          uniq_pikel, uniq_grinder, uniq_menkaure
D:5:      layout_loops_corners, mainiacjoe_overflow_paths, serial_shops,
          shop_fountains, enter_ossuary_4
D:6:      layout_gridville, mainiacjoe_overflow_alcove_3,
          minmay_temple_entry_glass, gammafunk_ghost_icy
D:7:      nicolae_cairo_tiling, layout_basic, elyvilon_altar_1, uniq_joseph
D:8:      layout_basic, lemuel_coloured_pillars_altar,
          hangedman_abyss_or_decor_jellyfish_corner
D:9:      layout_rooms, mainiacjoe_overflow_boulevard, kennysheep_mini_moat,
          uniq_grum, uniq_erolcha
D:10:     layout_irregular_city, lemuel_doored_altar, erik_lair_orcish_takeover,
          serial_shops, shop, nicolae_stop_n_shop_1
D:11:     layout_roguey, hiddenorc2_lemuel, fountainhead, uniq_maurice
D:12:     layout_basic, gammafunk_ghost_abyssal_escape, gauntlet_entry_generic,
          uniq_frances
Temple:   jpeg_temple_island

Skill      XL: |  1  2  3  4  5  6  7  8  9 10 11 |
---------------+----------------------------------+-----
Long Blades    | 2 3 4 5 6 7 9 |  9.2
Shields        | 3 4 5 6 7 8 |  8.0
Armour         | 3 4 5 6 7 8 |  8.0
Dodging        | 1 2 3 4 5 |  5.3
Fighting       | 4 5 6 7 8 |  8.7
Stealth        | 2 3 5 6 |  6.5
Invocations    | 1 |  1.6

Action                   |  1- 3 |  4- 6 |  7- 9 | 10-12 || total
-------------------------+-------+-------+-------+-------++-------
Melee: Long sword        |   121 |    77 |    50 |   637 ||   885
       Falchion          |       |       |   463 |       ||   463
       Headbutt          |       |       |    42 |   152 ||   194
Invok: Finesse           |       |       |       |     2 ||     2
       Heroism           |       |       |       |     1 ||     1
  Use: Scroll            |     1 |     2 |    13 |     9 ||    25
       Potion            |     1 |     1 |     4 |     3 ||     9
 Stab: Sleeping          |       |       |     8 |     3 ||    11
       Distracted        |       |       |       |     2 ||     2
Armor: Scale mail        |    45 |    34 |    77 |       ||   156
       Shadow dragon sca |       |       |   229 |   432 ||   661
Dodge: Dodged            |    71 |    31 |   191 |   254 ||   547
Block: Buckler           |    26 |    20 |   162 |   154 ||   362
       Kite shield       |       |       |       |   322 ||   322
       Reflection        |       |       |       |     4 ||     4
